 Dungeon Crawl Stone Soup version 0.24.0-13-gcf9b319 (webtiles) character file.

Game seed: 14880892845449340974, levelgen mode: deterministic

113 Fortress the Conjurer (level 4, -17/33 HPs)
             Began as a Draconian Conjurer on Jan 20, 2020.
             Blown up by Ijyb (33 damage)
             ... with a disintegration bolt
             ... on level 4 of the Dungeon.
             The game lasted 00:10:00 (3368 turns).

Fortress the Conjurer (Draconian Conjurer)          Turns: 3368, Time: 00:10:00

Health: -17/33     AC:  7    Str: 11    XL:     4   Next: 65%
Magic:  5/8        EV: 12    Int: 16    God:
Gold:   172        SH:  0    Dex: 11    Spells: 5/8 levels left

rFire    + . .     SeeInvis .   p - +0 dagger
rCold    . . .     Gourm    .   (no shield)
rNeg     . . .     Faith    .   (armour unavailable)
rPois    .         Spirit   .   (helmet restricted)
rElec    .         Reflect  .   (no cloak)
rCorr    .         Harm     .   (no gloves)
MR       .....                  f - +1 pair of boots
Stlth    ++........             (no amulet)
HPRegen  0.11/turn              u - ring of protection from fire
MPRegen  0.11/turn              (no ring)

@: no status effects
A: unfitting armour, cold-blooded, AC +5
a: no special abilities


You were on level 4 of the Dungeon.
You were not hungry.

You visited 1 branch of the dungeon, and saw 4 of its levels.

You collected 172 gold pieces.

Inventory:

Hand Weapons
 p - a +0 dagger (weapon)
 q - a +0 short sword
Missiles
 i - 8 curare-tipped darts
 m - 13 poisoned darts (quivered)
Armour
 f - a +1 pair of boots (worn)
Jewellery
 u - a ring of protection from fire (left hand)
Scrolls
 a - a scroll of identify
 h - a scroll of enchant armour
Potions
 j - 2 potions of resistance
 l - a potion of ambrosia
 o - a potion of heal wounds
 r - a potion of agility {unknown}
 t - a potion of magic {unknown}
Comestibles
 b - 6 rations


   Skills:
 + Level 2.0 Dodging
 - Level 2.0 Stealth
 + Level 2.6 Spellcasting
 + Level 5.5 Conjurations


You had 5 spell levels left.
You knew the following spells:

 Your Spells              Type           Power        Failure   Level  Hunger
a - Magic Dart            Conj           ###.         1%          1    #......
b - Searing Ray           Conj           ###...       3%          2    ##.....

Your spell library contained the following spells:

 Spells                   Type           Power        Failure   Level  Hunger
 Dazzling Spray           Conj/Hex       ##....       19%         3    ###....
 Iskenderun's Mystic Bla  Conj           ###.....     21%         4    #####..
 Force Lance              Conj/Tloc      ##......     52%         4    #####..
 Fulminant Prism          Conj/Hex       ##........   52%         4    #####..


Dungeon Overview and Level Annotations

Branches:
Dungeon (4/15)             Temple (0/1) D:4

Altars:

Annotations:
D:4 Ijyb


Innate Abilities, Weirdness & Mutations

Your plain brown scales are hard. (AC +5)
You cannot fit into any form of body armour.
You are cold-blooded and may be slowed by cold attacks.


Message History

Casting: Magic Dart (safe; 1% risk of failure)
Confirm with . or Enter, or press ? or * to list all spells.
Aiming: Magic Dart (safe; 1% risk of failure)
Press: ? - help, Shift-Dir - straight line, f/p - Ijyb
Aim: Ijyb, wielding a +1 dagger of venom, wearing a +0 scale mail and carrying a wand of disintegration (15) (lightly wounded)
The magic dart hits Ijyb.
Ijyb is moderately wounded.
Ijyb zaps a wand.
You barely resist.
Casting: Magic Dart (safe; 1% risk of failure)
Confirm with . or Enter, or press ? or * to list all spells.
Aiming: Magic Dart (safe; 1% risk of failure)
Press: ? - help, Shift-Dir - straight line, f/p - Ijyb
Aim: Ijyb, wielding a +1 dagger of venom, wearing a +0 scale mail and carrying a wand of disintegration (14) (moderately wounded)
The magic dart hits Ijyb.
Ijyb is moderately wounded.
Ijyb zaps a wand.
You are blasted!
Ouch! That really hurt!
Ijyb zaps a wand.
You are blasted!
Ouch! That really hurt!
You die...

*#### ********#####*#...##
*,,,,,,,,...##.....##
*,********#.#.......#*
***##.#########..........**
*,,...g...@.....<".......,*
*,*##?#########..........,*
*,* *,* #.#........,, *,*
*,* #.##.......,, *,* *,*
#.#*#...#.#,* *,* *,* #.#
*#.##,#,* *,* *,* #.#
*.#*,*,* *,* *,*
#.#***.#,,,,* *,*
*,********#..,,,,,,,,,*


You could see Ijyb.

Vanquished Creatures
  3 adders
  An ooze (D:1)
  3 dart slugs
  3 worms
  2 leopard geckos
  4 orcs (D:3)
  8 bats
  A giant cockroach (D:3)
  8 goblins
  3 hobgoblins
  2 jackals (D:1)
  4 quokkas
  5 frilled lizards
  A jackal skeleton (D:4)
  4 kobolds
  10 rats
62 creatures vanquished.

Notes
Turn   | Place    | Note
-------+----------+-------------------------------------------
     0 | D:1      | Fortress the Draconian Conjurer began the quest for the
                  | Orb.
     0 | D:1      | Reached XP level 1. HP: 14/14 MP: 3/3
    94 | D:1      | Reached XP level 2. HP: 2/20 MP: 0/5
  1255 | D:2      | Reached skill level 5 in Conjurations
  1255 | D:2      | Reached XP level 3. HP: 26/26 MP: 1/6
  1306 | D:2      | Learned a level 2 spell: Searing Ray
  2515 | D:3      | Reached XP level 4. HP: 33/33 MP: 3/7
  3364 | D:4      | Noticed Ijyb
  3368 | D:4      | Blown up by Ijyb

Levels and vault maps discovered:
D:1:      zaba_arrival_water, layout_basic
D:2:      layout_loops_ring
D:3:      layout_loops_ring
D:4:      layout_loops_ring, minmay_temple_entry_butterflies, first_ration,
          minmay_crystal_water, kennysheep_windowed_goal, uniq_ijyb

Skill      XL: |  1  2  3  4 |
---------------+-------------+-----
Conjurations   | 5 |  5.5
Stealth        | 2 |  2.0
Dodging        | 2 |  2.0
Spellcasting   | |  2.6

Action                   |  1- 3 |  4- 6 || total
-------------------------+-------+-------++-------
Melee: Unarmed           |    25 |       ||    25
       Tailslap          |     6 |     1 ||     7
       Dagger            |    17 |     4 ||    21
 Cast: Magic Dart        |    83 |    50 ||   133
  Use: Scroll            |       |    11 ||    11
  Eat: Chunk             |     6 |     3 ||     9
Armor: Skin              |     8 |     4 ||    12
Dodge: Dodged            |    22 |    10 ||    32
